 Dungeon Crawl Stone Soup version 0.24.0-123-gd5b16e6ec5 (webtiles) character file.

Game seed: 10996032245496276759, levelgen mode: deterministic

1355 Elellon the Basher (level 8, -3/48 HPs)
             Began as a Gargoyle Fighter on Jan 21, 2020.
             Was a Believer of Okawaru.
             Slain by an orc warrior
             ... wielding a +0 glaive
              (15 damage)
             ... on level 6 of the Dungeon.
             The game lasted 00:07:29 (5151 turns).

Elellon the Basher (Gargoyle Fighter)               Turns: 5151, Time: 00:07:30

Health: -3/48      AC: 18    Str: 22    XL:     8   Next: 63%
Magic:  7/9        EV:  9    Int:  9    God:    Okawaru [**....]
Gold:   143        SH: 11    Dex:  9    Spells: 7/7 levels left

rFire    . . .     SeeInvis .   a - +0 flail
rCold    . . .     Gourm    +   c - +0 shield
rNeg     + . .     Faith    .   t - +0 chain mail
rPois    ∞         Spirit   .   h - +0 hat
rElec    +         Reflect  .   s - +0 cloak
rCorr    .         Harm     .   (no gloves)
MR       .....                  (no boots)
Stlth    ..........             b - amulet of the gourmand
HPRegen  0.16/turn              (no ring)
MPRegen  0.11/turn              (no ring)

@: heroism
A: negative energy resistance 1, electricity resistance, unbreathing,
petrification resistance, rot immunity, AC +5
a: Heroism, Renounce Religion


You were on level 6 of the Dungeon.
You worshipped Okawaru.
Okawaru was pleased with you.
You were completely stuffed.

You visited 2 branches of the dungeon, and saw 7 of its levels.

You collected 213 gold pieces.
You spent 70 gold pieces at shops.

Inventory:

Hand Weapons
 a - a +0 flail (weapon)
Armour
 c - a +0 shield (worn)
 h - a +0 hat (worn)
 s - a +0 cloak (worn)
 t - a +0 chain mail (worn)
Jewellery
 b - an amulet of the gourmand (around neck)
Wands
 j - a wand of enslavement (5)
 k - a wand of flame (33)
 y - a wand of acid (12)
 B - a wand of random effects (9)
Scrolls
 e - 3 scrolls of identify
 g - 3 scrolls of magic mapping
 i - 3 scrolls of enchant armour {unknown}
 m - a scroll of random uselessness {unknown}
 n - a scroll of remove curse {unknown}
 o - a scroll of fog {unknown}
 p - 2 scrolls of enchant weapon {unknown}
 u - a scroll of noise {unknown}
 v - a scroll of immolation {unknown}
Potions
 d - a potion of might
 l - a potion of flight
 q - 3 potions of curing
 r - 2 potions of ambrosia
 w - 2 potions of heal wounds
 x - a potion of lignification {unknown}
 z - a potion of mutation {unknown}
 C - a potion of brilliance {unknown}
Comestibles
 f - 10 rations
 A - 7 chunks of flesh


   Skills:
 + Level 4.4(9.4) Fighting
 * Level 9.0(14.0) Maces & Flails
 + Level 4.4(9.4) Armour
 + Level 4.4(9.4) Shields
 + Level 2.6 Invocations


You had 7 spell levels left.
You didn't know any spells.
Your spell library contained the following spells:

 Spells                   Type           Power        Failure   Level  Hunger
 Magic Dart               Conj           #...         99%         1    ##.....
 Blink                    Tloc           N/A          100%        2    ###....
 Call Imp                 Summ           #.......     100%        2    ###....
 Slow                     Hex            #.......     100%        2    ###....
 Conjure Flame            Conj/Fire      #.......     100%        3    ####...
 Mephitic Cloud           Conj/Pois/Air  #.......     100%        3    ####...


Dungeon Overview and Level Annotations

Branches:
Dungeon (6/15)             Temple (1/1) D:5

Altars:
Cheibriados
Dithmenos
Elyvilon
Fedhas
Hepliaklqana
Nemelex Xobeh
Okawaru
Ru
Trog

Shops:
D:5 !


Innate Abilities, Weirdness & Mutations

You are resistant to torment.
Your stone body is resilient. (AC +5)
You are immune to poison.
You resist negative energy. (rN+)
You are resistant to electric shocks. (rElec)
You can survive without breathing.
You are immune to petrification.
You are immune to rotting.


Message History

The centaur is too close now for your liking.
You start resting.
The orc warrior is too close now for your liking.
The orc warrior shouts!
The orc warrior hits you from afar with a +0 glaive!
* * * LOW HITPOINT WARNING * * *
A sky beast comes into view.
You block the orc warrior's attack.
You closely miss the orc warrior.
The sky beast flickers out of sight!
Deactivating autopickup; reactivate with Ctrl-A.
The orc warrior hits you with a +0 glaive.
* * * LOW HITPOINT WARNING * * *
You hit the orc warrior.
The orc warrior is moderately wounded.
You gain the combat prowess of a mighty hero.
You block the orc warrior's attack.
You hit the orc warrior.
The orc warrior is heavily wounded.
The orc warrior hits you with a +0 glaive!
You die...

#.....# ###.....# ..
....... #.....#########.
....c..
#.....###.....#.###.......
#.......))....+...........
#....####)....##..........
#....# ##)....##..........
#....# ........o.{........
#....#....####@#..)#
#....#....# #.###.####
.####'####### #.###....#
......# ########........#
......# #...........#...#
.....####...........##....+
.(..................+ ..###
....................# #.#
.###................# .#


You could see an orc warrior.

Vanquished Creatures
  Eustachio (D:5)
  Menkaure (D:5)
  An ice beast (D:5)
  2 ogres
  A phantom (D:4)
  A necrophage (D:6)
  2 scorpions (D:6)
  2 howler monkeys
  A crimson imp (D:6)
  A bullfrog zombie (D:5)
  A hound (D:5)
  Crazy Yiuf (D:3)
  Ijyb (D:3)
  Natasha (thrice) (D:3)
  3 orc wizards
  A worker ant (D:4)
  A hound zombie (D:6)
  6 adders
  An adder zombie (D:5)
  A worm (D:4)
  A dart slug (D:4)
  2 leopard geckos
  18 orcs
  2 ball pythons
  5 bats
  2 giant cockroaches
  3 goblins
  6 hobgoblins
  6 jackals
  6 kobolds
  2 quokkas
  8 frilled lizards
  A leopard gecko skeleton (D:6)
  7 rats
101 creatures vanquished.

Notes
Turn   | Place    | Note
-------+----------+-------------------------------------------
     0 | D:1      | Elellon the Gargoyle Fighter began the quest for the Orb.
     0 | D:1      | Reached XP level 1. HP: 14/14 MP: 1/1
   158 | D:1      | Reached XP level 2. HP: 19/19 MP: 2/2
   273 | D:1      | Reached skill level 3 in Maces & Flails
   872 | D:2      | Reached XP level 3. HP: 21/23 MP: 3/3
  1079 | D:2      | Reached skill level 4 in Maces & Flails
  1210 | D:2      | Reached XP level 4. HP: 17/28 MP: 4/4
  1288 | D:2      | Found a snail-covered altar of Cheibriados.
  1380 | D:3      | Noticed Natasha
  1393 | D:3      | Killed Natasha
  1831 | D:3      | Reached skill level 5 in Maces & Flails
  1831 | D:3      | Reached XP level 5. HP: 27/32 MP: 5/5
  1984 | D:3      | Noticed Natasha
  1986 | D:3      | Found a hazy altar of Hepliaklqana.
  2004 | D:3      | Killed Natasha
  2305 | D:3      | Found a runed translucent door.
  2306 | D:3      | Noticed Crazy Yiuf
  2352 | D:3      | Noticed Natasha
  2362 | D:3      | Killed Natasha
  2362 | D:3      | Reached skill level 6 in Maces & Flails
  2362 | D:3      | Reached XP level 6. HP: 27/37 MP: 6/6
  2535 | D:3      | Killed Crazy Yiuf
  2598 | D:4      | Found an iron altar of Okawaru.
  2598 | D:4      | Noticed Ijyb
  2614 | D:3      | Killed Ijyb
  2714 | D:4      | Found a bloodstained altar of Trog.
  2714 | D:4      | Found a sparkling altar of Nemelex Xobeh.
  2714 | D:4      | Found a white marble altar of Elyvilon.
  2719 | D:4      | Became a worshipper of Warmaster Okawaru
  2766 | D:4      | Found a sacrificial altar of Ru.
  2768 | D:4      | Found a blossoming altar of Fedhas.
  2811 | D:4      | Noticed a phantom
  2854 | D:4      | Killed a phantom
  2854 | D:4      | Reached skill level 7 in Maces & Flails
  3031 | D:4      | Reached XP level 7. HP: 40/41 MP: 7/7
  3152 | D:4      | Found a shadowy altar of Dithmenos.
  3658 | D:5      | Entered Level 5 of the Dungeon
  3716 | D:5      | Reached * piety under Okawaru
  3716 | D:5      | Reached skill level 8 in Maces & Flails
  3923 | D:5      | Found Ekose's Distillery.
  3936 | D:5      | Bought a potion of heal wounds for 70 gold pieces
  3966 | D:5      | Found a staircase to the Ecumenical Temple.
  3977 | Temple   | Entered the Ecumenical Temple
  3990 | D:5      | Noticed Menkaure
  3995 | D:5      | Killed Menkaure
  3995 | D:5      | Reached skill level 1 in Invocations
  4025 | D:5      | Noticed Eustachio
  4227 | D:5      | Killed Eustachio
  4227 | D:5      | Reached XP level 8. HP: 45/48 MP: 7/9
  5049 | D:6      | Reached ** piety under Okawaru
  5065 | D:6      | Reached skill level 9 in Maces & Flails
  5151 | D:6      | Slain by an orc warrior

Levels and vault maps discovered:
D:1:      minmay_arrival_hallway, layout_basic, corexii_leaking_fountain,
          hex_intersection, minmay_split_cup_small
D:2:      layout_basic, cheibriados_altar_1, corexii_hall_statues_l
D:3:      layout_basic, lemuel_crystal_altar, uniq_natasha,
          uniq_crazy_yiuf_cottage
D:4:      layout_cave_pools, minmay_overflow_temple_hex, first_ration,
          minmay_misc_feat_five, st_stairs_8, nicolae_dithmenos_the_darkroom,
          uniq_ijyb
D:5:      layout_loops_corners, minmay_temple_entry_stoned_glass, serial_shops,
          nicolae_shop_trees, uniq_menkaure, uniq_eustachio
D:6:      layout_basic, makhleb_blood_cavern_becter
Temple:   oiseaux_autumnal_temple

Skill      XL: |  1  2  3  4  5  6  7  8 |
---------------+-------------------------+-----
Maces & Flails | 3 4 5 6 7 8 9 |  9.0
Invocations    | 1 2 |  2.6
Shields        | 4 |  4.4
Fighting       | 4 |  4.4
Armour         | 4 |  4.4

Action                   |  1- 3 |  4- 6 |  7- 9 || total
-------------------------+-------+-------+-------++-------
Melee: Flail             |   130 |   189 |   213 ||   532
       Unarmed           |       |       |    21 ||    21
Invok: Heroism           |       |       |     1 ||     1
  Use: Scroll            |       |     5 |     1 ||     6
  Eat: Chunk             |     1 |     6 |    14 ||    21
       Ration            |       |       |     1 ||     1
Armor: Scale mail        |    87 |    71 |    20 ||   178
       Chain mail        |       |       |   102 ||   102
       Skin              |       |       |    12 ||    12
Dodge: Dodged            |    47 |    69 |    83 ||   199
Block: Shield            |    77 |    81 |   105 ||   263
